 Dungeon Crawl Stone Soup version 0.28.0 (webtiles) character file.

Game seed: 1728159885828344125

27494 issech the Basher (level 13, 0/118 HPs)
             Began as a Troll Monk on Feb 9, 2022.
             Was a High Priest of Hepliaklqana.
             Slain by an entropy weaver (9 damage)
             ... on level 1 of the Spider Nest.
             The game lasted 01:11:10 (14692 turns).

issech the Basher (Troll Monk)                     Turns: 14692, Time: 01:11:12

Health: 0/118      AC: 10    Str: 28    XL:     13   Next: 4%
Magic:  12/12      EV: 14    Int:  6    God:    Hepliaklqana [*****.]
Gold:   937        SH:  5    Dex: 16    Spells: 12/12 levels left

rFire   . . .      SeeInvis .   R - +6 flail (vorpal)
rCold   . . .      Faith    .   (no shield)
rNeg    . . .      Spirit   .   O - +2 steam dragon scales
rPois   .          Reflect  +   h - +0 hat
rElec   .          Harm     .   F - +0 cloak
rCorr   .          Rampage  .   (gloves unavailable)
Will    .....                   (boots unavailable)
Stlth   +++.......              k - amulet of reflection
HPRegen 1.09/turn               M - +6 ring of strength
MPRegen 0.13/turn               q - +4 ring of protection

@: mighty, lethally poisoned (0 -> -73), corroded
A: reduced essence, large, unfitting armour, claws 3, regeneration 1, shaggy fur
1, tough skin 1
a: Renounce Religion, Recall Ancestor, Ancestor Identity, Transference, Idealise


You were on level 1 of the Spider Nest.
You worshipped Hepliaklqana.
Hepliaklqana was extremely pleased with you.
You visited 5 branches of the dungeon, and saw 16 of its levels.

You collected 937 gold pieces.

Inventory:

Hand Weapons
 j - a +5 battleaxe of freezing
 v - a +4 halberd
 A - the +11 trident "Neick" {vorpal, MP+9}
   (You found it on level 2 of the Lair of Beasts)

   It inflicts extra damage upon your enemies.
   MP:        It affects your magic capacity (+9).
 G - a +5 scimitar
 L - a +0 giant spiked club
 R - a +6 vorpal flail (weapon)
 V - a +1 trident of distortion
 Z - a +4 vorpal morningstar
Missiles
 d - 177 sling bullets
 e - 364 stones (quivered)
 i - 256 arrows
 o - 53 bolts
 P - 4 boomerangs
 Q - 4 poisoned darts
Armour
 h - a +0 hat (worn)
 p - a scarf of shadows
 s - a +2 robe of fire resistance
 w - +0 swamp dragon scales
 F - a +0 cloak (worn)
 O - +2 steam dragon scales (worn)
Magical Staves
 E - a staff of fire
 U - a staff of death
Jewellery
 k - an amulet of reflection (around neck)
 n - a +6 ring of intelligence
 q - a +4 ring of protection (right claw)
 r - a +4 ring of protection
 B - the ring of Cheibriados's Esteem {Contam rF+ Will+++ MP+9 Dex-2}
   (You found it on level 8 of the Dungeon)

   [ring of protection from fire]

   Dex:       It affects your dexterity (-2).
   rF:        It protects you from fire.
   MP:        It affects your magic capacity (+9).
   Contam:    It causes magical contamination when unequipped.
   Will:      It greatly increases your willpower.
 M - a +6 ring of strength (left claw)
 W - a +6 ring of dexterity
Wands
 y - a wand of flame (13)
 D - a wand of paralysis (21)
 J - a wand of digging (5)
 T - a wand of charming (5)
 X - a wand of mindburst (25)
Scrolls
 a - a scroll of identify
 c - a scroll of fog
 l - 2 scrolls of fear
 m - a scroll of enchant weapon
 t - a scroll of teleportation
 x - 2 scrolls of amnesia
 I - 3 scrolls of magic mapping
 S - 2 scrolls of brand weapon
Potions
 b - 2 potions of heal wounds
 f - a potion of resistance
 g - 3 potions of flight
 u - a potion of ambrosia {unknown}
 z - 3 potions of mutation {unknown}
 C - 2 potions of invisibility
 H - 2 potions of curing
 K - a potion of attraction {unknown}
 N - 2 potions of might
 Y - 3 potions of berserk rage {unknown}


   Skills:
 + Level 9.6 Fighting
 + Level 13.5 Maces & Flails
 + Level 1.1 Throwing
 + Level 9.3 Dodging
 + Level 4.5 Stealth
 + Level 2.4 Shields


You had 12 spell levels left.
You didn't know any spells.
Your spell library contained the following spells:

 Spells                   Type           Power      Damage    Failure   Level
 Magic Dart               Conj           0%         1d3       45%         1
 Sandblast                Erth           0%         2d4       45%         1
 Call Imp                 Summ           0%         N/A       58%         2
 Passwall                 Tmut/Erth      0%         N/A       58%         2
 Mephitic Cloud           Conj/Pois/Air  0%         N/A       83%         3
 Stone Arrow              Conj/Erth      0%         3d7       83%         3
 Tukima's Dance           Hex            0%         N/A       83%         3
 Hailstorm                Conj/Ice       0%         3d3       99%         4
 Ice Form                 Ice/Tmut       0%         N/A       99%         4
 Passage of Golubria      Tloc           0%         N/A       99%         4
 Summon Ice Beast         Ice/Summ       0%         N/A       99%         4
 Summon Mana Viper        Hex/Summ       0%         N/A       100%        5
 Yara's Violent Unravell  Hex/Tmut       0%         3d3       100%        5
 Simulacrum               Ice/Necr       0%         N/A       100%        6
 Monstrous Menagerie      Summ           0%         N/A       100%        7


Dungeon Overview and Level Annotations

Branches:
Dungeon (9/15)             Temple (1/1) D:5            Lair (3/6) D:9
 Shoals (1/4) Lair:2       Spider (2/4) Lair:3
    Orc: D:9-12

Altars:
Ashenzari
Cheibriados
Dithmenos
Elyvilon
Fedhas
Gozag
Hepliaklqana
Kikubaaqudgha
Makhleb
Nemelex Xobeh
Okawaru
Qazlal
Ru
Sif Muna
Trog
Uskayaw
Vehumet
Wu Jian
Xom
Yredelemnul
Zin
The Shining One


Innate Abilities, Weirdness & Mutations

Your life essence is reduced to manifest your ancestor. (-10% HP)
You are too large for most types of armour.
You have claws for hands.
Your natural rate of healing is unusually fast.
You are covered in fur. (AC +1)
You have tough skin. (AC +1)


Message History

Londisizwe closely misses the redback.
The redback bites you but does no damage.
You block the entropy weaver's attack. The entropy weaver misses you.
The entropy weaver closely misses you. You block the entropy weaver's attack.
The redback bites you. The redback barely misses you.
The tarantella touches you but does no damage.
You climb upwards.
There is a stone staircase leading down here.
You sock the redback!
The redback is severely wounded.
The redback closely misses you.
Londisizwe hits the redback with a +0 quarterstaff!!
The tarantella touches you but does no damage.
You block the redback's attack. The redback bites you!
The entropy weaver barely misses you.
The entropy weaver completely misses you.
The entropy weaver closely misses you. The entropy weaver hits you!
You feel very mighty all of a sudden. The redback bites you!
You are poisoned.
The redback poisons you!
The tarantella touches you but does no damage.
The redback bites you.
You are lethally poisoned!
The redback poisons you!
The redback bites you but does no damage.
Londisizwe hits the redback with a +0 quarterstaff.
The entropy weaver casts a spell at you.
The entropic weave corrodes you! The redback barely misses you.
The redback bites you. The tarantella touches you!
* * * LOW HITPOINT WARNING * * *
The redback bites Londisizwe!
You bludgeon the redback!!
You kill the redback!
* * * LOW HITPOINT WARNING * * *
You feel extremely sick. The entropy weaver closely misses you.
The entropy weaver hits you!
* * * LOW HITPOINT WARNING * * *
The entropy weaver hits you!
You die...

##.................#.#..###
##..........##.......#....#
#.....#..#.#.......#......#
##............##....###...#
##.##.#....#.#......#....#
#..........#.##.###^#...#
#..........##.#........##
##^.......###BsR.......##
##..........†@s..^#..#.#
##.......#..s..#.....##
#....#............###
#^................#
#......^..#.......#
##.............#.###
#................#
##..#.............#
#.....#......####.#


You could see the friendly Londisizwe the battlemage, an entropy weaver, a
tarantella and 2 redbacks.

Vanquished Creatures
  Gastronok (Lair:2)
  A broodmother (Spider:1)
  A hydra (Lair:2)
  A two-headed ogre (D:8)
  A pharaoh ant (Spider:1)
  2 wolf spiders (Spider:1)
  A cane toad (Lair:2)
  3 komodo dragons
  A troll (D:8)
  A tarantella (Lair:3)
  2 blink frogs (Lair:3)
  6 jumping spiders
  Sigmund (D:3)
  2 culicivoras
  12 yaks
  Eustachio (D:6)
  2 steam dragons
  9 redbacks
  Edmund (D:6)
  4 water moccasins
  4 sky beasts
  2 black bears
  2 necrophages
  5 ogres
  2 wolves (Lair:2)
  4 centaurs
  2 phantoms
  10 bullfrogs
  Blork the orc (D:6)
  2 gnoll sergeants (D:8)
  3 scorpions
  3 wyvern skeletons
  A water moccasin skeleton (D:5)
  9 wights
  4 killer bees
  2 howler monkeys
  3 hounds
  3 centaur zombies (D:8)
  2 bullfrog zombies
  A jelly (D:4)
  4 orc priests
  A bullfrog skeleton (D:6)
  An iguana (D:6)
  4 hell rats (Lair:2)
  4 orc wizards
  A polar bear simulacrum (Lair:2)
  3 yak simulacra (Lair:2)
  4 wolf simulacra (Lair:2)
  A hound skeleton (D:4)
  A howler monkey zombie (D:8)
  2 gnolls (D:8)
  10 adders
  2 shadow imps
  2 white imps
  An ufetubus (D:4)
  An adder skeleton (D:4)
  2 worms
  4 dart slugs
  25 orcs
  7 ball pythons
  5 endoplasms
  5 giant cockroaches
  3 goblins
  4 hobgoblins
  7 jackals
  5 kobolds
  5 quokkas
  6 bats
  3 frilled lizards
  5 rats
  3 river rat simulacra (Lair:2)
  A spectral kobold (D:1)
  3 bushes
253 creatures vanquished.

Vanquished Creatures (collateral kills)
  An entropy weaver (Lair:3)
  A boulder beetle (Spider:1)
  An orb spider (Spider:1)
  2 sea snakes (Shoals:1)
  A necromancer (Lair:2)
  2 wolf spiders (Spider:1)
  A moth of wrath (Spider:1)
  A cane toad (Lair:3)
  Maggie (D:9)
  2 demonic crawlers (Spider:1)
  An unseen horror (D:9)
  A komodo dragon (Lair:3)
  3 tarantellas
  Prince Ribbit (D:8)
  A snapping turtle (Lair:2)
  A blink frog (Lair:3)
  3 culicivoras (Spider:1)
  3 jumping spiders
  4 yaks
  2 basilisks
  A wyvern (D:9)
  A steam dragon (D:8)
  4 redbacks
  3 water moccasins
  A sky beast (D:7)
  3 orc warriors
  A black bear (D:9)
  2 wolves (Lair:2)
  2 centaurs (D:7)
  A phantom (D:7)
  3 bullfrogs
  A wyvern zombie (D:8)
  A killer bee (D:9)
  4 wights
  An orc priest (D:8)
  3 hell rats (Lair:2)
  A howler monkey zombie (D:8)
  2 gnolls (D:8)
  2 white imps (D:7)
  4 orcs
  A bush (Temple)
75 creatures vanquished.

Vanquished Creatures (others)
  5 battlemagi
  6 fungi
  10 plants
21 creatures vanquished.

Grand Total: 349 creatures vanquished

Notes
Turn   | Place    | Note
-------+----------+-------------------------------------------
     0 | D:1      | issech the Troll Monk began the quest for the Orb.
     0 | D:1      | Reached XP level 1. HP: 22/22 MP: 0/0
   279 | D:1      | Reached XP level 2. HP: 29/29 MP: 1/1
   282 | D:1      | Reached skill level 3 in Maces & Flails
   425 | D:1      | Found a faded altar of an unknown god.
   991 | D:2      | Reached XP level 3. HP: 22/36 MP: 2/2
  1009 | D:2      | Reached XP level 4. HP: 32/44 MP: 3/3
  1353 | D:2      | Reached skill level 4 in Maces & Flails
  1354 | D:2      | HP: 2/44 [orc (1)]
  1753 | D:2      | Reached XP level 5. HP: 52/52 MP: 4/4
  1932 | D:3      | Noticed Sigmund
  1963 | D:3      | Killed Sigmund
  1964 | D:3      | Reached XP level 6. HP: 25/61 MP: 5/5
  2204 | D:3      | Noticed a sky beast
  2212 | D:3      | Reached skill level 5 in Maces & Flails
  2225 | D:3      | Killed a sky beast
  2911 | D:4      | Reached XP level 7. HP: 34/67 MP: 6/6
  3498 | D:5      | Entered Level 5 of the Dungeon
  3725 | D:5      | Reached skill level 6 in Maces & Flails
  3934 | D:5      | Reached XP level 8. HP: 78/78 MP: 7/7
  4060 | D:5      | Found a staircase to the Ecumenical Temple.
  4416 | D:5      | Reached skill level 7 in Maces & Flails
  4808 | D:6      | Reached skill level 5 in Dodging
  4847 | D:6      | Noticed Edmund
  4856 | D:6      | Killed Edmund
  4886 | D:6      | Reached skill level 8 in Maces & Flails
  4972 | D:6      | Reached XP level 9. HP: 65/87 MP: 8/8
  5045 | D:6      | Reached skill level 5 in Fighting
  5114 | D:6      | Noticed Eustachio
  5130 | D:6      | Killed Eustachio
  5218 | D:6      | Noticed Blork the orc
  5230 | D:6      | Killed Blork the orc
  5386 | D:5      | Reached skill level 9 in Maces & Flails
  5405 | Temple   | Entered the Ecumenical Temple
  5552 | Temple   | Became a worshipper of Hepliaklqana the Forgotten
  5552 | Temple   | Reached * piety under Hepliaklqana
  5552 | Temple   | Reached ** piety under Hepliaklqana
  5553 | Temple   | Remembered your ancestor Londisizwe as a battlemage
  6214 | D:7      | Found a bloodstained altar of Trog.
  7058 | D:8      | Noticed Prince Ribbit
  7071 | D:8      | Killed Prince Ribbit
  7072 | D:8      | Reached XP level 10. HP: 88/88 MP: 9/9
  7211 | D:8      | Noticed a two-headed ogre
  7223 | D:8      | Killed a two-headed ogre
  7224 | D:8      | Reached skill level 10 in Maces & Flails
  7727 | D:8      | Reached *** piety under Hepliaklqana
  7901 | D:8      | Identified the ring of Cheibriados's Esteem {Contam rF+
                  | Will+++ MP+9 Dex-2}
  8006 | D:8      | Reached skill level 11 in Maces & Flails
  8255 | D:9      | Noticed Maggie
  8267 | D:9      | Killed Maggie
  8575 | D:9      | Reached XP level 11. HP: 96/96 MP: 10/10
  8619 | D:9      | Reached skill level 1 in Throwing
  8751 | D:9      | Found a staircase to the Lair.
  9004 | Lair:1   | Entered Level 1 of the Lair of Beasts
  9423 | Lair:1   | Reached **** piety under Hepliaklqana
  9996 | Lair:2   | Noticed a four-headed hydra
 10005 | Lair:2   | Killed a four-headed hydra
 10135 | Lair:2   | Identified the +11 trident "Neick" {vorpal, MP+9}
 10188 | Lair:2   | Noticed Gastronok
 10201 | Lair:2   | Killed Gastronok
 10202 | Lair:2   | Reached skill level 12 in Maces & Flails
 10372 | Lair:2   | Found a staircase to the Shoals.
 10718 | Lair:2   | Noticed a necromancer
 10732 | Lair:2   | Killed a necromancer
 11069 | Lair:2   | Reached skill level 1 in Shields
 11494 | Shoals:1 | Entered Level 1 of the Shoals
 11522 | Shoals:1 | Noticed a sea snake
 11529 | Shoals:1 | Killed a sea snake
 11568 | Shoals:1 | Noticed a sea snake
 11580 | Shoals:1 | Killed a sea snake
 11585 | Shoals:1 | Noticed a centaur warrior
 11589 | Shoals:1 | Reached ***** piety under Hepliaklqana
 11593 | Shoals:1 | HP: 4/99 [centaur warrior/arrow (22)]
 11839 | Lair:2   | Reached XP level 12. HP: 105/108 MP: 11/11
 12024 | Lair:3   | Found a hole to the Spider Nest.
 12075 | Lair:3   | Identified the +9 chain mail of Zin's Condemnation {rElec
                  | Dex+2}
 12101 | Spider:1 | Entered Level 1 of the Spider Nest
 12223 | Lair:3   | Reached skill level 13 in Maces & Flails
 12533 | Spider:1 | Identified the +0 chain mail of Marbles {+Blink rCorr}
 12604 | Spider:1 | Noticed an entropy weaver
 13300 | Lair:3   | Killed an entropy weaver
 13464 | Spider:1 | Noticed a boulder beetle
 13475 | Spider:1 | Killed a boulder beetle
 13487 | Spider:1 | HP: 5/110 [poisoned by a wolf spider]
 13750 | Spider:1 | Noticed a broodmother
 13950 | Spider:1 | Killed a broodmother
 14129 | Spider:1 | Reached XP level 13. HP: 65/117 MP: 12/12
 14182 | Spider:1 | HP: 5/117 [poisoned by a redback]
 14677 | Spider:2 | Noticed an entropy weaver
 14692 | Spider:1 | Slain by an entropy weaver

Illustrated notes

Levels and vault maps discovered:
D:1:      sevenhm_arrival_forest_fort_small_4, layout_loops_cross,
          dreamdust_ecumenical_altar_drowned_temple,
          chequers_serial_rivers_small_3
D:2:      layout_loops_ring
D:3:      layout_basic, uniq_sigmund
D:4:      layout_gridville
D:5:      minmay_octagon_keep, layout_loops_corners,
          minmay_temple_entry_from_below_a
D:6:      layout_rooms, uniq_edmund, uniq_eustachio, uniq_blork_the_orc
D:7:      layout_basic, trog_three_pillars_becter, st_stairs_11,
          kennysheep_generic_room_2
D:8:      minmay_bubble_buster, layout_basic, uniq_prince_ribbit1
D:9:      layout_rooms, david_lair_generic, uniq_maggie
Temple:   mainiacjoe_temple_circle_huts
Lair:1:   layout_cave_pods, grunt_megastairs_1
Lair:2:   layout_cellular_growth, minmay_shoals_entry_hut,
          eino_house_with_fridge, grunt_megastairs_2, serial_bayou_shore_b,
          uniq_gastronok
Lair:3:   layout_misc_corridors, dummy_spider_entry
Shoals:1: layout_shoals
Spider:1: layout_spider_delve, hangedman_spider_tarantella_strand
Spider:2: layout_chambers, uniq_arachne, uniq_mlioglotl

Skill      XL: |  1  2  3  4  5  6  7  8  9 10 11 12 |
---------------+-------------------------------------+-----
Maces & Flails | 3 4 5 6 8 9 11 12 13 | 13.5
Dodging        | 3 4 5 6 7 9 |  9.3
Fighting       | 3 4 5 6 8 9 |  9.6
Stealth        | 2 3 4 |  4.5
Throwing       | 1 |  1.1
Shields        | 1 2 |  2.4

Action                   |  1- 3 |  4- 6 |  7- 9 | 10-12 | 13-15 || total
-------------------------+-------+-------+-------+-------+-------++-------
Melee: Mace              |    83 |    75 |       |       |       ||   158
       Whip              |       |   159 |    93 |       |       ||   252
       Giant spiked club |       |       |    55 |       |       ||    55
       Punch             |       |       |     4 |     7 |     1 ||    12
       Flail             |       |       |   149 |   498 |    15 ||   662
Throw: Stone             |       |     8 |       |    15 |       ||    23
Invok: Recall Ancestor   |       |       |     1 |     2 |       ||     3
       Ancestor Life: Ba |       |       |     1 |       |       ||     1
  Use: Scroll            |       |       |     6 |    18 |       ||    24
       Potion            |       |       |       |     6 |     2 ||     8
 Stab: Sleeping          |       |     2 |     4 |     3 |       ||     9
       Distracted        |       |       |     1 |    10 |     1 ||    12
Armor: Robe              |    35 |    76 |    85 |    30 |       ||   226
       Steam dragon scal |       |       |       |   218 |    15 ||   233
Dodge: Dodged            |    47 |   114 |   132 |   354 |    20 ||   667
Block: Other             |       |       |       |    62 |     8 ||    70
       Reflection        |       |       |       |     1 |       ||     1
